 Dungeon Crawl Stone Soup version 0.28.0-47-ge53b351184 (webtiles) character file.

Game seed: 14049020562371516763

1001 styxcanada the Covert (level 8, -4/39 HPs)
             Began as a Spriggan Brigand on May 6, 2022.
             Killed by divine providence
             ... invoked by an orc priest
              (16 damage)
             ... on level 6 of the Dungeon.
             The game lasted 00:27:46 (6796 turns).

styxcanada the Covert (Spriggan Brigand)            Turns: 6796, Time: 00:27:47

Health: -4/39      AC:  3    Str:  7    XL:     8   Next: 0%
Magic:  10/13      EV: 23    Int: 13    God:
Gold:   134        SH:  0    Dex: 22    Spells: 8/13 levels left

rFire   . . .      SeeInvis +   u - +2 dagger (drain)
rCold   . . .      Faith    .   (no shield)
rNeg    + . .      Spirit   .   b - +0 robe
rPois   .          Reflect  .   (helmet restricted)
rElec   .          Harm     .   c - +0 cloak
rCorr   .          Rampage  .   (gloves unavailable)
Will    +....                   (boots unavailable)
Stlth   +++++.....              (no amulet)
HPRegen 0.13/turn               s - ring of Jonacucs {rN+ Dex+4}
MPRegen 0.13/turn               v - +4 ring of evasion

@: very quick
A: very small, no large weapons, unfitting armour, see invisible, speed 3
a: no special abilities


You were on level 6 of the Dungeon.
You visited 2 branches of the dungeon, and saw 7 of its levels.

You collected 173 gold pieces.
You spent 39 gold pieces at shops.

Inventory:

Hand Weapons
 a - a +2 dagger
 j - a +0 hunting sling of freezing
 u - a +2 dagger of draining (weapon)
Missiles
 d - 4 poisoned darts (quivered)
 e - a curare-tipped dart
 h - 118 stones
 i - 6 boomerangs
 k - 72 sling bullets
 n - 3 datura-tipped darts
 o - a throwing net
 x - 2 atropa-tipped darts
Armour
 b - a +0 robe (worn)
 c - a +0 cloak (worn)
Jewellery
 l - a ring of ice
 s - the ring of Jonacucs (left hand) {rN+ Dex+4}
   (You found it on level 3 of the Dungeon)

   [ring of positive energy]

   Dex:       It affects your dexterity (+4).
   rN:        It protects you from negative energy.
 v - a +4 ring of evasion (right hand)
 w - a +6 ring of intelligence
Wands
 m - a wand of polymorph (10)
Scrolls
 f - a scroll of fog
 p - 2 scrolls of teleportation
Potions
 g - a potion of haste
 q - a potion of berserk rage
 r - a potion of resistance
 t - 2 potions of curing


   Skills:
 * Level 2.9 Fighting
 + Level 3.4 Short Blades
 + Level 2.1(3.2) Slings
 + Level 3.0(3.2) Throwing
 * Level 4.0 Dodging
 * Level 9.0 Stealth
 * Level 3.0 Spellcasting
 * Level 1.8 Conjurations
 * Level 2.3 Air Magic
 * Level 3.0 Evocations


You had 8 spell levels left.
You knew the following spells:

 Your Spells              Type           Power      Damage    Failure   Level
a - Shock                 Conj/Air       28%        1d4       10%         1
b - Airstrike             Air            3%         N/A       65%         4

Your spell library contained the following spells:

 Spells                   Type           Power      Damage    Failure   Level
 Swiftness                Air            7%         N/A       26%         3


Dungeon Overview and Level Annotations

Branches:
Dungeon (6/15)             Temple (1/1) D:6

Altars:
Ashenzari
Cheibriados
Fedhas
Nemelex Xobeh
Qazlal
Sif Muna
Uskayaw
Wu Jian
Yredelemnul
Zin

Shops:
D:4 *   D:5 *


Innate Abilities, Weirdness & Mutations

You are very small and have problems with some larger weapons.
You are too small for most types of armour.
You have supernaturally acute eyesight. (SInv)
You cover ground extremely quickly. (Speed+++)


Message History

Aim: an orc, wielding a +0 hand axe and wearing a +0 leather armour (heavily wounded, poisoned, 65% to hit)
You throw a poisoned dart.
The poisoned dart barely misses the orc.
The poisoned dart completely misses the orc priest.
The poisoned dart hits the orc wizard.
The orc wizard is poisoned.
The orc wizard is lightly wounded.
Throw: 6 darts (poison)
Press: ? - help, Q - select action, (/) - cycle Shift-Dir - straight line, f/p - orc
Aim: an orc, wielding a +0 hand axe and wearing a +0 leather armour (heavily wounded, poisoned, 65% to hit)
You throw a poisoned dart. The poisoned dart hits the orc.
The orc looks even sicker.
The orc is heavily wounded.
Casting: Shock (safe; 10% risk of failure)
Confirm with . or Enter, or press ? or * to list all spells.
Aiming: Shock (safe; 10% risk of failure)
Press: ? - help, Shift-Dir - straight line, f/p - orc
Aim: an orc, wielding a +0 hand axe and wearing a +0 leather armour (heavily wounded, very poisoned, 68% to hit)
The zap hits the orc.
You kill the orc!
The zap hits the orc priest.
The orc priest is lightly wounded.
The zap hits the orc wizard.
The orc wizard is moderately wounded.
The orc priest mumbles some strange prayers to Beogh against you.
Beogh smites you!
* * * LOW HITPOINT WARNING * * *
Your Throwing skill increases to level 3!
Throw: 5 darts (poison)
Press: ? - help, Q - select action, (/) - cycle Shift-Dir - straight line, f - orc priest
Aim: an orc priest, wielding a +0 hand axe (lightly wounded, 65% to hit)
You throw a poisoned dart. The poisoned dart hits the orc priest!
The orc priest is poisoned.
The orc priest is lightly wounded.
The orc wizard hits the plant with a +0 dagger.
The plant begins to die.
The orc wizard looks more healthy.
The orc priest mumbles some strange prayers to Beogh against you.
Beogh smites you!
You die...

......# .....# ....######
...##...##### #[..P.P.....#
#..##.##....# #.P#...#P...#
#.@..>oo..(.#
#####.P#...#P.).#######
####+######......##.#####.o.)((..
..........#.......P.P.. #........
..........#.............#........
..........#........+....#........
..........#........#....#........
..........'........#....######...
####'###+##........#....# ...


You could see an orc priest (very poisoned) and an orc wizard.

Vanquished Creatures
  A water moccasin (D:5)
  A necrophage (D:5)
  A bullfrog (D:6)
  Blork the orc (D:4)
  A scorpion (D:5)
  A howler monkey (D:6)
  2 centaur zombies (D:5)
  A jelly (D:4)
  2 hounds
  An orc priest (D:5)
  An iguana (D:4)
  6 orc wizards
  A killer bee zombie (D:5)
  Robin (D:3)
  5 adders
  A shadow imp (D:4)
  An ufetubus (D:4)
  A worm (D:2)
  2 dart slugs
  26 orcs
  5 endoplasms
  A giant cockroach (D:4)
  17 goblins
  11 hobgoblins
  9 jackals
  4 kobolds
  4 quokkas
  8 ball pythons
  2 bats (D:2)
  3 frilled lizards (D:3)
  2 rats
123 creatures vanquished.

Vanquished Creatures (others)
  6 plants (D:1)
6 creatures vanquished.

Grand Total: 129 creatures vanquished

Notes
Turn   | Place    | Note
-------+----------+-------------------------------------------
     0 | D:1      | styxcanada the Spriggan Brigand began the quest for the
                  | Orb.
     0 | D:1      | Reached XP level 1. HP: 10/10 MP: 2/2
    19 | D:1      | Reached skill level 6 in Stealth
   106 | D:1      | Reached XP level 2. HP: 14/14 MP: 3/3
   724 | D:1      | Found a faded altar of an unknown god.
   843 | D:1      | Learned a level 1 spell: Shock
  1083 | D:1      | Reached skill level 7 in Stealth
  1439 | D:2      | Reached XP level 3. HP: 18/18 MP: 4/4
  1756 | D:2      | Identified the +1 pair of boots of Enineet {Will+ Dex+5
                  | Stlth-}
  2324 | D:3      | Reached XP level 4. HP: 14/23 MP: 2/6
  2540 | D:3      | Reached skill level 1 in Spellcasting
  2727 | D:3      | Noticed Robin
  2849 | D:3      | Killed Robin
  2886 | D:3      | Identified the ring of Jonacucs {rN+ Dex+4}
  3329 | D:4      | Found Cel Vove's Armour Shop.
  3355 | D:4      | Reached XP level 5. HP: 26/26 MP: 7/7
  3686 | D:4      | Noticed Blork the orc
  3759 | D:4      | Killed Blork the orc
  3760 | D:4      | Reached skill level 1 in Slings
  3760 | D:4      | Reached skill level 1 in Air Magic
  4130 | D:4      | Reached skill level 1 in Conjurations
  4130 | D:4      | Reached XP level 6. HP: 32/32 MP: 9/9
  4332 | D:4      | Reached skill level 1 in Evocations
  4366 | D:4      | Reached skill level 8 in Stealth
  4707 | D:4      | Found Zocirelo's General Store.
  4712 | D:4      | Bought a potion of curing for 39 gold pieces
  4770 | D:5      | Entered Level 5 of the Dungeon
  4770 | D:5      | Noticed a water moccasin
  4772 | D:5      | Killed a water moccasin
  4935 | D:5      | Found Kewadgh's Assorted Antiques.
  5030 | D:5      | Reached XP level 7. HP: 27/35 MP: 11/11
  5822 | D:5      | Learned a level 4 spell: Airstrike
  6542 | D:6      | Found a basalt altar of Yredelemnul.
  6568 | D:6      | Reached skill level 9 in Stealth
  6675 | D:6      | Found a staircase to the Ecumenical Temple.
  6690 | Temple   | Entered the Ecumenical Temple
  6791 | D:6      | Reached XP level 8. HP: 23/39 MP: 11/13
  6796 | D:6      | Killed from afar by an orc priest

Illustrated notes

Levels and vault maps discovered:
D:1:      eino_arrival_water_cross, layout_loops_ring, serial_forest,
          infiniplex_forest_straight_3, infiniplex_forest_clump_diagonal,
          infiniplex_forest_clump_cross, infiniplex_forest_lined_room_2,
          infiniplex_forest_pool, infiniplex_forest_corner_1,
          shapermc_ecumenical_altar_pompeii, kennysheep_decorative_pillar,
          serial_bayou_ford_a, minmay_misc_feat_rugged
D:2:      layout_basic, kennysheep_generic_room_2
D:3:      layout_basic, uniq_robin
D:4:      layout_basic, serial_shops, kennysheep_little_box, shop_fountains,
          uniq_blork_the_orc
D:5:      layout_basic, serial_shops, shop, hangedman_decor_opposing
D:6:      layout_gridville, mainiacjoe_overflow_cross_hatched,
          minmay_temple_entry_gardened_gates, kennysheep_cross_bottleneck
Temple:   dpeg_three_leaves_temple

Skill      XL: |  1  2  3  4  5  6  7  8 |
---------------+-------------------------+-----
Stealth        | 6 7 8 9 |  9.0
Dodging        | 2 3 4 |  4.0
Spellcasting   | 1 2 3 |  3.0
Fighting       | 2 |  2.9
Slings         | 1 2 |  2.1
Air Magic      | 1 2 |  2.3
Conjurations   | 1 |  1.8
Evocations     | 1 3 |  3.0
Short Blades   | 3 |  3.4
Throwing       | 3 |  3.0

Action                   |  1- 3 |  4- 6 |  7- 9 || total
-------------------------+-------+-------+-------++-------
Melee: Dagger            |   127 |   115 |    85 ||   327
       Punch             |     4 |     2 |     2 ||     8
 Fire: Hunting sling     |       |    60 |     6 ||    66
Throw: Dart              |     6 |    42 |    27 ||    75
 Cast: Shock             |     3 |     8 |     5 ||    16
  Use: Scroll            |     5 |     3 |     2 ||    10
       Potion            |       |     1 |       ||     1
 Stab: Sleeping          |     7 |     8 |     5 ||    20
       Distracted        |       |       |     1 ||     1
Armor: Robe              |    11 |     6 |     2 ||    19
Dodge: Dodged            |    92 |   114 |    52 ||   258
